[Event "European Corporate Championship 2022"]
[Site "Rotterdam"]
[Date "2022.06.19"]
[Round "5.1"]
[White "Nijboer, Friso"]
[Black "Van Wely, Loek"]
[Result "1/2-1/2"]
[ECO "B81"]
[WhiteElo "2464"]
[BlackElo "2618"]
[Annotator "TA"]
[PlyCount "108"]
[EventDate "2022.06.18"]
[EventType "team-tourn"]
[EventCountry "NED"]
[SourceTitle "playchess.com"]
[Source "ChessBase"]
[SourceQuality "1"]
[TimeControl "900+5"]

1. e4 c5 2. Nf3 d6 3. d4 cxd4 4. Nxd4 Nf6 5. Nc3 a6 6. h3 e6 7. g4 Be7 8. Bg2 Nc6 {[%emt 0:00:54] B81: Sicilian Scheveningen: Keres Attack.} 9. Nxc6 bxc6 10. e5 Nd5 {[%emt 0:01:53] The position is equal.} 11. exd6 Qxd6 12. O-O Qc7 {[%emt 0:02:09] [#]} 13. Qf3 $146 ({Predecessor:} 13. Ne2 O-O 14. c4 Nf6 15. Qc2 Rb8 16. Bf4 Bd6 17. Bxd6 Qxd6 18. Rad1 Qc5 19. Nd4 {1-0 (37) Smirin,I (2671)-Gormally,D (2476) London 1999}) 13... O-O 14. Ne2 Bb7 15. c4 Nf6 16. Be3 (16. Bf4 $5 e5 17. Bg3 $14) 16... Rab8 17. Qg3 Bd6 18. Bf4 e5 19. Be3 a5 20. Rfd1 a4 21. Nc3 Ra8 22. c5 Be7 23. g5 {[%emt 0:00:01] White is more active.} Nh5 (23... Nd7 $16) 24. Qg4 $1 $18 {[%emt 0:00:03][%csl LRa4,LRh5] Threatens to win with Rd7.} Nf4 25. Rd7 Qa5 26. Rxe7 Bc8 27. Qd1 Nxg2 28. Kxg2 a3 29. b4 Qxb4 30. Ne2 (30. Rc1 $18) 30... Be6 $16 {[%emt 0:00:17] [#]} 31. Rxe6 $1 fxe6 {[%emt 0:00:06] [#]} 32. Qd6 ({White should play} 32. Qc2 $1 $16) 32... Qe4+ (32... Qc4 $5 33. Kf1 Qd5 $11) 33. Kg1 {[%emt 0:00:02] Hoping for Rd1. Really sharp!} Kh8 (33... Qc4 $1 $11 {and Black is okay.} 34. Ng3 Qd5) 34. Qxe6 Rab8 (34... Qc2 $16 {might work better.}) 35. Ng3 $18 Qc2 (35... Qd5 $142 36. Qd6 (36. Qxd5 cxd5 37. c6 Rfc8 $16) 36... Rbc8) 36. Qxe5 Rb1+ $2 (36... Rfe8 {keeps fighting.} 37. Qc7 Rbd8) 37. Rxb1 Qxb1+ 38. Kh2 {[%emt 0:00:01] Bd4 is the strong threat.} Qxa2 39. Nh5 $2 (39. Bd4 $18 Qf7 {[#]} 40. Nf5 $1 ) 39... Qf7 $11 40. Bd4 $1 Re8 41. Qxg7+ Qxg7 42. Nxg7 Re4 43. Ba1 {[%emt 0:00:05] Threatening mate with Nh5+.} Re1 44. Bf6 Kg8 45. Nf5 a2 46. Kg3 Kf7 47. h4 Rc1 48. Nd6+ Ke6 49. Ne4 a1=Q 50. Bxa1 Rxa1 51. f3 Rc1 52. h5 $2 (52. Kg4 $11) 52... Kf5 $17 {[%emt 0:00:01] White must now prevent ...Rg1+.} 53. g6 (53. Kf2 $17 {was necessary.}) 53... hxg6 $19 54. hxg6 Rg1+ {[%emt 0:00:05] Black used his chance.  Weighted Error Value: White=0.31/Black=0.44} ({And not} 54... Kxg6 55. Kf4) 1/2-1/2

[Event "European Corporate Championship 2022"]
[Site "Rotterdam"]
[Date "2022.06.19"]
[Round "5.2"]
[White "Lambrechts, Koen"]
[Black "De Vreugt, Dennis"]
[Result "1-0"]
[ECO "C45"]
[WhiteElo "2349"]
[BlackElo "2393"]
[Annotator "TA"]
[PlyCount "64"]
[EventDate "2022.06.18"]
[EventType "team-tourn"]
[EventCountry "NED"]
[SourceTitle "playchess.com"]
[Source "ChessBase"]
[SourceQuality "1"]
[TimeControl "900+5"]

1. e4 e5 2. Nf3 Nc6 3. d4 exd4 4. Nxd4 Nf6 5. Nxc6 bxc6 6. e5 Qe7 7. Qe2 Nd5 8. c4 Nb6 9. Nd2 a5 10. Qe4 d5 {[%emt 0:02:45] C45: Scotch Game.} 11. exd6 cxd6 12. Be2 Qxe4 {[%emt 0:02:12] The position is equal.} 13. Nxe4 {[%emt 0:00:02] [#]} d5 $146 ({Predecessor:} 13... Be6 14. c5 dxc5 15. Be3 Nd5 16. Bxc5 Nf4 17. Bxf8 Kxf8 18. g3 Nxe2 19. Kxe2 Re8 {½-½ (49) Radjabov,T (2744)-Topalov,V (2777) Bilbao 2008}) 14. cxd5 cxd5 15. Nc3 Bc5 16. O-O O-O 17. Bf3 Be6 18. Rd1 Rad8 19. Bf4 Rd7 20. Rac1 Be7 ({Better is} 20... Rc8 $14) 21. Be3 Nc4 22. Nxd5 (22. Bxd5 {seems wilder.} Nxe3 23. fxe3 Bg4 24. Bf3) 22... Nxe3 23. Nxe3 (23. fxe3 $5 Bg5 24. Kf2 $14) 23... Rxd1+ 24. Rxd1 Rc8 (24... Bxa2 $11 25. Ra1 Be6) 25. b3 Kf8 26. Kf1 Ba3 ({Black should play} 26... Bc5 $14) 27. Bd5 $16 Bxd5 28. Rxd5 Rc1+ 29. Ke2 Bb4 30. a3 Re1+ 31. Kf3 Bxa3 32. Rxa5 Bd6 {[%emt 0:00:11] Weighted Error Value: White=0.11 (very precise) /Black=0.20 (precise)} 1-0

[Event "European Corporate Championship 2022"]
[Site "Rotterdam"]
[Date "2022.06.19"]
[Round "5.3"]
[White "Jonkman, Harmen"]
[Black "Rietman, Frits"]
[Result "0-1"]
[ECO "B01"]
[WhiteElo "2384"]
[BlackElo "2237"]
[Annotator "TA"]
[PlyCount "96"]
[EventDate "2022.06.18"]
[EventType "team-tourn"]
[EventCountry "NED"]
[SourceTitle "playchess.com"]
[Source "ChessBase"]
[SourceQuality "1"]
[TimeControl "900+5"]

1. e4 d5 2. exd5 Qxd5 3. Nc3 Qd6 4. d4 Nf6 5. h3 c6 6. Nf3 {[%emt 0:00:18] B01: Scandinavian Defence.} Bf5 7. Bc4 e6 8. Nh4 {[%emt 0:00:47] The position is equal.} Bg6 (8... Bxc2 {feels hotter.} 9. Qxc2 Qxd4 10. Qb3 b5) 9. Nxg6 hxg6 {[%emt 0:00:02] [#]} 10. Qd3 $146 ({Predecessor:} 10. a3 Be7 11. Be3 Nbd7 12. Qf3 Nb6 13. Ba2 Nbd5 14. Nxd5 Nxd5 15. Bxd5 Qxd5 16. Qxd5 {½-½ (16) Schaefer,R (1784)-Romanow,W (2108) Bayerisch Eisenstein 2016}) 10... Nbd7 11. Bg5 Be7 12. O-O-O b5 13. Bb3 a6 14. Rhe1 O-O (14... c5 {with more complications.} 15. Bxe6 fxe6 16. d5 Ne5) 15. h4 c5 16. dxc5 Qxd3 17. Rxd3 Nxc5 18. Rd4 Rfd8 19. Red1 Kf8 20. f3 Rxd4 21. Rxd4 Rd8 22. Rxd8+ Bxd8 23. Ne2 Bb6 24. Kd2 a5 {[%emt 0:00:16] Hoping for ...a4.} 25. c3 a4 (25... Nxb3+ $11 {remains equal.} 26. axb3 e5) 26. Bc2 $16 Nd5 27. Kc1 ({White should try} 27. Nd4 $16) 27... e5 $11 28. b3 axb3 29. axb3 Ne6 30. Bd2 Ne3 31. Bxe3 Bxe3+ {[%emt 0:00:02][%mdl 4096] Endgame KBN-KBN} 32. Kb2 Nf4 (32... Nc7 $11 {keeps the balance.}) 33. Nxf4 $16 exf4 {[%emt 0:00:14][%mdl 8192] [#] KB-KB} (33... Bxf4 $16 34. b4 f5) 34. b4 $1 $18 Bf2 35. Bd3 Bxh4 36. Bxb5 f5 37. c4 Ke7 38. Kb3 g5 39. c5 g4 40. Kc4 gxf3 41. gxf3 g5 {[%emt 0:00:01] [#]} 42. Ba6 $1 {[%emt 0:00:32] Strongly threatening Bc8.} g4 43. Bc8 $4 (43. fxg4 $18 fxg4 44. Bc8) 43... g3 {[%emt 0:00:05] Black mates.} 44. b5 g2 45. b6 Kd8 46. Bxf5 g1=Q 47. Kb5 Bf2 48. c6 Bxb6 {[%emt 0:00:02] Black used his chance.  Weighted Error Value: White=0.21 (precise) /Black=0.17 (very precise)} 0-1

[Event "European Corporate Championship 2022"]
[Site "Rotterdam"]
[Date "2022.06.19"]
[Round "5.5"]
[White "Barski, Radoslaw"]
[Black "Warmerdam, Max"]
[Result "1-0"]
[ECO "B90"]
[WhiteElo "2434"]
[BlackElo "2614"]
[Annotator "TA"]
[PlyCount "103"]
[EventDate "2022.06.18"]
[EventType "team-tourn"]
[EventCountry "NED"]
[SourceTitle "playchess.com"]
[Source "ChessBase"]
[SourceQuality "1"]
[TimeControl "900+5"]

1. e4 c5 2. Nf3 d6 3. d4 cxd4 4. Nxd4 Nf6 5. Nc3 a6 6. Be3 e5 7. Nb3 Be7 8. f3 h5 {[%emt 0:00:02] B90: Sicilian Najdorf: Unusual White 6th moves, 6 Be3 Ng4 and 6 Be3 e5.} (8... O-O $11 {deserves consideration.}) 9. Qd2 (9. Na4 $5 ) 9... Nbd7 10. a4 Nf8 {[%emt 0:00:02] [#] White has an edge.} 11. Be2 $146 ({Predecessor:} 11. h3 Be6 12. Bd3 Ng6 13. a5 O-O 14. O-O Qc7 15. Rfd1 h4 16. Na4 Nh5 17. Nb6 {½-½ (32) Astroukh,V (2192)-Malashenkov,A (2315) LSS email 2013}) 11... Ng6 12. O-O O-O 13. a5 Be6 14. Rfd1 Qc7 15. Nd5 (15. Bb6 {with more complications.} Qc6 16. Nc1 Nf4 17. Nd3) 15... Nxd5 16. exd5 Bf5 17. c4 Nf4 18. Bf1 Bg5 19. Rac1 Qe7 20. c5 Rfd8 {[%emt 0:00:00] [#]} 21. g3 ({White should try} 21. Nd4 $1 Bh7 (21... Qf6 22. c6) 22. c6 $1) 21... Nh3+ $16 22. Bxh3 Bxe3+ 23. Qxe3 Bxh3 24. c6 (24. Nd2 $16) 24... bxc6 25. Rxc6 Bd7 (25... Rdb8 $5 ) 26. Rb6 Bb5 27. Nd4 Rdc8 (27... Qd7 $1 $11 {remains equal.} 28. Nxb5 axb5) 28. Nf5 Qd7 29. Nxd6 (29. g4 $1 $16) 29... Rc2 $11 30. Qe4 {[%emt 0:01:33] Active counter play!} (30. Nxb5 $2 Qh3 31. Qd2 Rxd2 32. Rxd2 axb5 $19) 30... Re2 (30... Rxb2 $11 31. Qxe5 Re2) 31. Qh4 $2 {[%emt 0:00:29][%mdl 8192] [#]} (31. Qf5 $1 $14 {was the only good move.}) 31... Qc7 $1 $19 32. Qxh5 (32. Ne4 $142 Qc2 33. Ra1 (33. Nc3 $2 Re3 $19) 33... Qxb2 34. Rf1 Qd4+ 35. Nf2 Qxd5 36. g4) 32... g6 {[%emt 0:00:00] ( -> ...Qc5+)} 33. Qh3 Qc5+ 34. Kh1 Qf2 $2 (34... Rd2 35. Rg1 Qe3 36. Nxb5 Qxf3+ 37. Qg2 Rxg2 38. Rxg2 Qd1+ 39. Rg1 Qxd5+ 40. Rg2 Qd1+ 41. Rg1 Qf3+ 42. Rg2 axb5) 35. Nxb5 (35. Rf1 {is a self mate.} Re1) 35... Qxf3+ 36. Kg1 axb5 37. b4 $2 (37. Rf1 Qe3+ 38. Kh1) 37... Rb2 $2 (37... Qe3+ 38. Kh1 Qf3+ 39. Kg1 Kg7) 38. Rf1 Qe3+ (38... Qxd5 39. Rbf6 Rf8 40. a6 $17) 39. Kh1 Qe4+ 40. Kg1 Qd4+ (40... Qxd5 41. Rbf6 $17) 41. Kh1 Qxd5+ 42. Kg1 Qd4+ (42... Rxb4 43. Rbf6 $17) 43. Kh1 Qe4+ ({Weaker is} 43... Rxb4 44. Qg2 Rf8 45. Qf3 $15) 44. Kg1 Rd8 {[%emt 0:00:08] aiming for ...Rc2.} ({Worse is} 44... Rxb4 45. Rxf7 Qd4+ 46. Rf2 Rb1+ 47. Kg2 Qe4+ 48. Rf3 $11) 45. Rbf6 Qe3+ $2 (45... Qd4+ $17 46. Kh1 Qe4+ 47. Kg1 Rf8) 46. Kh1 $11 Rf8 $2 {[%emt 0:00:02][%mdl 8192] [#]} (46... Qe4+ $11 47. Kg1 Rf8) 47. Rxg6+ $3 {[%emt 0:00:10][%mdl 512] White mates.} fxg6 48. Qe6+ Kh7 49. Qe7+ Kh6 50. Qxf8+ Kh5 51. Qh8+ Qh6 52. Qxe5+ {[%emt 0:00:01] Weighted Error Value: White=0.49/Black=0.55} 1-0

[Event "European Corporate Championship 2022"]
[Site "Rotterdam"]
[Date "2022.06.19"]
[Round "5.6"]
[White "Oudshoorn, Arres"]
[Black "Celinski, Kamil"]
[Result "1-0"]
[ECO "C88"]
[WhiteElo "2137"]
[BlackElo "1907"]
[Annotator "NA RC"]
[PlyCount "113"]
[EventDate "2022.06.18"]
[EventType "team-tourn"]
[EventCountry "NED"]
[SourceTitle "playchess.com"]
[Source "ChessBase"]
[SourceQuality "1"]
[TimeControl "900+5"]

1. e4 e5 2. Nf3 Nc6 3. Bb5 a6 4. Ba4 Nf6 5. O-O Be7 6. Re1 b5 7. Bb3 O-O 8. a4 Bb7 9. Nc3 b4 10. Nd5 Bc5 11. d3 h6 12. c3 a5 13. Ne3 Re8 14. Nf5 Bb6 15. Qc2 d6 16. h3 Ne7 17. N3h4 Nxf5 18. Nxf5 d5 19. c4 dxe4 20. dxe4 Bc5 21. Kh2 Qd7 22. g4 Rad8 23. f3 Qd3 24. Kg2 Bc8 25. Ne3 Bb7 26. Rd1 Qxc2+ 27. Bxc2 Bc6 28. Nd5 Bxd5 29. cxd5 Bd4 30. Bd3 Nd7 31. Bb5 Re7 32. Rb1 Nc5 33. b3 f6 34. Kf1 Kh7 35. Ke2 Nb7 36. Be3 Bxe3 37. Kxe3 Nd6 38. Rdc1 Kg6 39. Rc5 Nb7 40. Rc2 Rc8 41. Ba6 Rb8 42. Rbc1 Nd6 43. Rxc7 Rxc7 44. Rxc7 Ne8 45. Rc5 Kg5 46. Bf1 Ra8 47. Kf2 Kf4 48. Bb5 Kg5 49. Kg3 h5 50. gxh5 Kxh5 51. Bxe8+ Rxe8 52. Rxa5 Rc8 53. d6 Kg6 54. d7 Rd8 55. Rd5 Kf7 56. a5 Ke7 57. a6 1-0

[Event "European Corporate Championship 2022"]
[Site "Rotterdam"]
[Date "2022.06.19"]
[Round "5.7"]
[White "Wisniewski, Jacek"]
[Black "Lie, Michael"]
[Result "1-0"]
[ECO "B27"]
[WhiteElo "1850"]
[BlackElo "1798"]
[Annotator "NA RC"]
[PlyCount "51"]
[EventDate "2022.06.18"]
[EventType "team-tourn"]
[EventCountry "NED"]
[SourceTitle "playchess.com"]
[Source "ChessBase"]
[SourceQuality "1"]
[TimeControl "900+5"]

1. e4 c5 2. Nf3 g6 3. d4 cxd4 4. Qxd4 Nf6 5. e5 Nc6 6. Qa4 Nd5 7. Qe4 Nb6 8. Bf4 Bg7 9. Nc3 O-O 10. O-O-O d5 11. exd6 Bf5 12. Qe3 e5 13. Bh6 Re8 14. Bxg7 Kxg7 15. Bd3 e4 16. Bxe4 Bxe4 17. Nxe4 f6 18. Rhe1 Rc8 19. Qb3 Na5 20. Qb5 Nd7 21. Nc3 Rc5 22. Qd3 Ne5 23. Nxe5 Rcxe5 24. Rxe5 Rxe5 25. f4 Re8 26. Qd5 1-0

[Event "European Corporate Championship 2022"]
[Site "Rotterdam"]
[Date "2022.06.19"]
[Round "5.9"]
[White "Schelvis, Richard"]
[Black "Haast, Mark"]
[Result "1/2-1/2"]
[ECO "A46"]
[WhiteElo "2157"]
[BlackElo "2414"]
[Annotator "TA"]
[PlyCount "92"]
[EventDate "2022.06.18"]
[EventType "team-tourn"]
[EventCountry "NED"]
[SourceTitle "playchess.com"]
[Source "ChessBase"]
[SourceQuality "1"]
[TimeControl "900+5"]

1. d4 Nf6 2. Nf3 e6 3. g3 b5 4. Qd3 b4 5. c4 bxc3 6. Nxc3 {[%emt 0:00:02] A46: 1 d4 Nf6 2 Nf3 e6: Torre, London and Colle Systems.} c5 {[%emt 0:00:19] [#]} 7. Bg2 $146 ({Predecessor:} 7. d5 Ba6 8. Qd2 Qa5 9. e4 c4 10. Bg2 Bb4 11. Nh4 Bb7 12. O-O Na6 13. a3 Bxc3 14. bxc3 {0-1 (25) Shvidler,E (2410)-Soffer,R (2365) Tel Aviv 1989}) 7... Bb7 (7... Ba6 $5 8. Qd1 cxd4 9. Nxd4 d5 $14) 8. O-O {[%emt 0:00:18] White is slightly better.} cxd4 9. Qxd4 (9. Nxd4 $5 Bxg2 10. Kxg2 $14) 9... Nc6 10. Qa4 Be7 11. Bf4 O-O 12. Rad1 Qb6 13. Be3 (13. Ne5 $11 Nxe5 14. Bxb7 Qxb7 15. Bxe5) 13... Qa6 (13... Qxb2 $15 14. Rb1 Qxc3 15. Rxb7 Rab8) 14. Nd4 Qxa4 15. Nxa4 d5 16. Rc1 Rfc8 17. Nc5 Nxd4 18. Bxd4 Bc6 19. Rfd1 a5 20. Rc2 Bxc5 21. Bxc5 Ba4 22. b3 Bb5 23. Rdc1 a4 24. e3 axb3 25. axb3 Ne4 26. Bxe4 dxe4 27. b4 Bd3 28. Rc3 f5 29. h4 Kf7 30. Bd4 Rxc3 31. Rxc3 $11 {[%emt 0:00:01][%mdl 4096] Endgame KRB-KRB} Ra1+ 32. Kg2 {[%emt 0:00:55] [#] Threatens to win with Rc7+.} Rb1 33. Rc7+ Ke8 34. g4 fxg4 {[%emt 0:00:06] [#]} (34... Be2 $14) 35. Rxg7 ({White should play} 35. Bc5 $1 $16) 35... Rxb4 $14 36. Rxg4 h5 37. Rg8+ Kd7 38. Rg7+ Kd6 39. Rg5 {[%emt 0:00:01] Hoping for Bc5+.} Rb7 (39... Rb5 $11) 40. Rxh5 Be2 41. Rg5 Bf3+ 42. Kg3 {[%emt 0:00:03] And now Be5+ would win.} Rb1 43. Ra5 (43. Be5+ $16 Ke7 44. Kf4) 43... Rg1+ $11 {[%emt 0:00:02] The position is equal.} 44. Kh2 Rh1+ ({Don't play} 44... Rg2+ 45. Kh3 Ke7 46. Rg5 Rxg5 47. hxg5 $16) 45. Kg3 Rg1+ 46. Kh2 Rh1+ {[%emt 0:00:01] Weighted Error Value: White=0.14 (very precise) /Black=0.15 (very precise)} ({Much less strong is} 46... Rg2+ 47. Kh3 $16) 1/2-1/2

[Event "European Corporate Championship 2022"]
[Site "Rotterdam"]
[Date "2022.06.19"]
[Round "5.10"]
[White "Schouten, Jordy"]
[Black "Jap Tjoen San, Linda"]
[Result "1-0"]
[ECO "B07"]
[WhiteElo "2121"]
[BlackElo "2045"]
[Annotator "NA RC"]
[PlyCount "79"]
[EventDate "2022.06.18"]
[EventType "team-tourn"]
[EventCountry "NED"]
[SourceTitle "playchess.com"]
[Source "ChessBase"]
[SourceQuality "1"]
[TimeControl "900+5"]

1. e4 d6 2. d4 Nf6 3. Nc3 Nbd7 4. f4 c6 5. Nf3 b5 6. e5 b4 7. Na4 Nd5 8. Bc4 N7b6 9. Nxb6 axb6 10. O-O e6 11. Qe1 Be7 12. Bd2 c5 13. f5 dxe5 14. Nxe5 Nf6 15. Bb5+ Kf8 16. Nc6 Qd5 17. Nxe7 Kxe7 18. Kh1 Bb7 19. Qe2 Qxd4 20. fxe6 fxe6 21. Rae1 Qe4 22. Qf2 Qd5 23. b3 Qd4 24. Be3 Qg4 25. Bc4 Rhe8 26. Bf4 Kf7 27. Be5 Qg5 28. h4 Qh6 29. Bf4 Qg6 30. Bd3 Qh5 31. Bg5 Kg8 32. Bxf6 Rf8 33. Rxe6 Qg4 34. Bc4 Kh8 35. Rxb6 gxf6 36. Rxb7 Rad8 37. Qf4 Qh5 38. Kg1 Rd4 39. Qc7 Rd2 40. Qg7# 1-0

[Event "European Corporate Championship 2022"]
[Site "Rotterdam"]
[Date "2022.06.19"]
[Round "5.11"]
[White "Hol, Camile"]
[Black "IJzermans, Cees"]
[Result "0-1"]
[ECO "B16"]
[WhiteElo "2000"]
[BlackElo "2115"]
[Annotator "NA RC"]
[PlyCount "80"]
[EventDate "2022.06.18"]
[EventType "team-tourn"]
[EventCountry "NED"]
[SourceTitle "playchess.com"]
[Source "ChessBase"]
[SourceQuality "1"]
[TimeControl "900+5"]

1. e4 c6 2. d4 d5 3. Nc3 dxe4 4. Nxe4 Nf6 5. Nxf6+ gxf6 6. Nf3 Bg4 7. Be2 Nd7 8. Bf4 e6 9. Qd2 Nb6 10. O-O Bd6 11. Rad1 Qc7 12. Bxd6 Qxd6 13. Qh6 Nd5 14. Qg7 O-O-O 15. Qxg4 Nf4 16. Nh4 Rdg8 17. Qf3 h5 18. g3 Rg4 19. Kh1 Rhg8 20. gxf4 Rxh4 21. Rg1 Rxg1+ 22. Rxg1 Rxf4 23. Qg3 Qd5+ 24. Qg2 Rxf2 25. Qxd5 cxd5 26. Bd3 e5 27. dxe5 fxe5 28. Rf1 Rd2 29. Bf5+ Kd8 30. Kg1 e4 31. Rc1 Ke7 32. c4 Kf6 33. Bh7 Kg7 34. Bf5 Kf6 35. Bc8 d4 36. Bxb7 e3 37. Bf3 d3 38. Re1 e2 39. Kf2 Rxb2 40. Bxe2 Rxa2 0-1

[Event "European Corporate Championship 2022"]
[Site "Rotterdam"]
[Date "2022.06.19"]
[Round "5.13"]
[White "Giri, Anish"]
[Black "Vistisen, Lars"]
[Result "0-1"]
[ECO "A67"]
[WhiteElo "2761"]
[BlackElo "2080"]
[Annotator "TA"]
[PlyCount "88"]
[EventDate "2022.06.18"]
[EventType "team-tourn"]
[EventCountry "NED"]
[SourceTitle "playchess.com"]
[Source "ChessBase"]
[SourceQuality "1"]
[TimeControl "900+5"]

1. d4 Nf6 2. c4 c5 3. d5 e6 4. Nc3 exd5 5. cxd5 d6 6. e4 g6 7. f4 Bg7 8. Bb5+ Nfd7 9. Bd3 Qh4+ 10. g3 Qe7 {[%emt 0:01:42] A67: Modern Benoni: Taimanov Variation.} 11. Nf3 O-O 12. O-O a6 {[%emt 0:01:59] White is slightly better.} 13. a4 $1 {[%emt 0:00:04] Against b5} Nf6 14. e5 {[%emt 0:00:23] has lost popularity (14.Kg2).} Ne8 15. e6 fxe6 16. dxe6 {[%emt 0:00:04] [#]} Bxe6 $146 ({Predecessor:} 16... Nc7 17. f5 gxf5 18. Nh4 Bxe6 19. Nxf5 Bxf5 20. Bxf5 Nd7 21. Qg4 Nf6 22. Qh4 Rf7 {1-0 (36) David,E (2192)-Dannevig,O (2329) Oslo 2006}) 17. Re1 Nc7 (17... Qd7 $14) 18. Ng5 $1 $16 Bd4+ 19. Be3 (19. Kh1 $16 {And now Bc4 would win.} Bxc3 20. bxc3 Bd5+ 21. Kg1) 19... Nc6 $11 20. Nxe6 (20. Be4 $5 ) 20... Nxe6 21. Bc4 Rae8 22. Qg4 {[%emt 0:01:15] Strongly threatening Bxd4.} Rf5 $2 (22... Qd7 $1 $15 {stays ahead.}) 23. Rad1 $2 {[%emt 0:01:34] [#]} (23. Bxe6+ $18 Qxe6 24. Bxd4 Qxe1+ 25. Rxe1 Rxe1+ 26. Kf2 cxd4 27. Kxe1 dxc3 28. bxc3) 23... Qg7 (23... Qd7 $1 $17 24. Bd5 Kg7) 24. Kg2 (24. Bxd4 $11 Ncxd4 25. Re3 (25. Bxe6+ Rxe6 26. Rxe6 Nxe6 $15)) 24... Kf8 (24... Bxc3 $15 25. bxc3 Qxc3) 25. Bxe6 Rxe6 26. Bxd4 Nxd4 27. Rxe6 Nxe6 28. Rxd6 Qe7 29. Rd3 Nd4 30. Qd1 {[%emt 0:00:07] Against Nc2} Qe6 31. h4 ({Much worse is} 31. Rxd4 cxd4 32. Qxd4 Qc6+ 33. Kf2 Qc5 $17) (31. Kf2 $11) 31... Rf7 $1 $15 32. Qf1 (32. a5 $15) 32... Re7 {[%emt 0:00:23] 0x0.002229450f6ddp-1022s more active pieces.} (32... b6 $17 33. Kh2 Re7) 33. Kh2 {[%emt 0:00:05] [#]} (33. a5 $15) 33... b5 $1 $19 {[%emt 0:00:08] aiming for ...b4.} 34. axb5 axb5 {[%emt 0:00:02][%cal Ba6b5,Bb5b4][%mdl 32] White must now prevent ...b4.} 35. Qg2 $2 (35. f5 gxf5 36. Rd2) 35... b4 36. Nd5 {[%emt 0:00:03] Hoping for Re3.} Rd7 37. Ne3 {[%emt 0:00:27] [#]} (37. Nc3 $142 bxc3 38. bxc3) 37... Nf3+ $1 38. Qxf3 {[%emt 0:00:02] Black mates.} Rxd3 {[%emt 0:00:03] KQR-KQN} 39. Qa8+ Qe8 40. Qxe8+ Kxe8 41. Nc4 Rd4 42. Ne5 Rd2+ 43. Kh3 Rxb2 44. Nd3 Rc2 {[%emt 0:00:03] Weighted Error Value: White=0.47/Black=0.29 (precise)} 0-1

[Event "European Corporate Championship 2022"]
[Site "Rotterdam"]
[Date "2022.06.19"]
[Round "5.14"]
[White "Heer, Stephan"]
[Black "Geldhof, Alexander"]
[Result "1-0"]
[ECO "A04"]
[WhiteElo "2047"]
[BlackElo "1833"]
[Annotator "NA RC"]
[PlyCount "55"]
[EventDate "2022.06.18"]
[EventType "team-tourn"]
[EventCountry "NED"]
[SourceTitle "playchess.com"]
[Source "ChessBase"]
[SourceQuality "1"]
[TimeControl "900+5"]

1. Nf3 Nc6 2. g3 e5 3. d3 Bc5 4. Bg2 Nge7 5. e4 d6 6. O-O Bg4 7. h3 Bh5 8. c3 Qd7 9. Nbd2 O-O 10. b4 Bb6 11. Bb2 Bg6 12. Nh4 a6 13. Nc4 Ba7 14. a3 f5 15. Nxg6 Nxg6 16. exf5 Qxf5 17. d4 exd4 18. cxd4 Rae8 19. Qd2 h5 20. Ne3 Qg5 21. f4 Qxg3 22. Rf3 Qh4 23. Nd5 Re4 24. Qd3 Nxd4 25. Qxe4 Nxf4 26. Rxf4 Nf3+ 27. Kh1 Rxf4 28. Nxf4 1-0

[Event "European Corporate Championship 2022"]
[Site "Rotterdam"]
[Date "2022.06.19"]
[Round "5.15"]
[White "Toledano Llinares, Juan A."]
[Black "Liefrink, Feike"]
[Result "1/2-1/2"]
[ECO "C50"]
[WhiteElo "2252"]
[BlackElo "1927"]
[Annotator "TA"]
[PlyCount "75"]
[EventDate "2022.06.18"]
[EventType "team-tourn"]
[EventCountry "NED"]
[SourceTitle "playchess.com"]
[Source "ChessBase"]
[SourceQuality "1"]
[TimeControl "900+5"]

1. e4 e5 2. Nf3 Nc6 3. Bc4 Bc5 4. d3 Nf6 5. Nc3 d6 6. Bg5 Bg4 7. h3 Bh5 (7... Bxf3 $11 8. Qxf3 Nd4) 8. g4 $16 {[%emt 0:00:33] C50: Hungarian Defence and Giuoco Pianissimo.} Bg6 9. Nh4 (9. Nd5 $14) 9... h6 10. Nxg6 {[%emt 0:00:34] The position is equal.} fxg6 11. Bh4 {[%emt 0:00:14] [#]} Nd4 $146 ({Predecessor:} 11... g5 12. Bg3 Qe7 13. Bb5 a6 14. Ba4 Rf8 15. Qd2 b5 16. Bb3 Nd4 17. O-O-O O-O-O 18. a3 Nxb3+ 19. cxb3 Rf7 20. Rhf1 g6 21. Kb1 Qe6 22. Qc2 Rdf8 23. Rc1 {½-½ (23) Ibarra,D-Bordalier,S Buenos Aires 2002}) 12. Nb5 c6 (12... Nxb5 $15 13. Bxb5+ c6) 13. Nxd4 $14 Bxd4 14. c3 Bb6 15. Qd2 {[%emt 0:00:55] [#]} (15. Bg3 $11 {remains equal.}) 15... Qd7 ({Black should try} 15... Nxe4 $1 $17 16. Bxd8 (16. dxe4 Qxh4 17. O-O-O O-O-O $17) 16... Nxd2 17. Bxb6 Nxc4 18. dxc4 axb6) 16. O-O-O O-O-O 17. Rhf1 g5 18. Bg3 Rhe8 19. f3 Nh7 (19... d5 $11 20. Bb3 Qe7) 20. Bf2 ({Better is} 20. d4 $14) 20... Bxf2 $11 21. Qxf2 Kb8 22. Bb3 Nf8 23. Ba4 Ng6 24. h4 (24. d4 $15) 24... Nxh4 {[%emt 0:00:00] aiming for ...Rf8.} 25. d4 Qe7 26. Bb3 (26. d5 $17) 26... Ng6 ({Black should play} 26... Rf8 $19 27. Rd3 Ng6) 27. d5 c5 28. Ba4 Rf8 29. c4 (29. Rg1 {keeps fighting.}) 29... Nf4 30. Kb1 Qc7 31. Qe3 Qa5 32. Bb3 Rf6 33. Rc1 Rdf8 34. Rc3 Ng2 35. Qg1 {[%emt 0:01:31] [#]} Nh4 36. Bd1 R6f7 37. Qe3 (37. Qh2 $17) 37... Ng2 (37... Rf4 $19 38. Rf2 R4f7) 38. Qg1 {[%emt 0:00:15] Weighted Error Value: White=0.32/Black=0.29 (precise)} 1/2-1/2